 Dungeon Crawl Stone Soup version 0.20.1-1-g8b1a95d (webtiles) character file.

27 Linguinho the Digger (level 2, -2/15 HPs)
             Began as a Deep Elf Earth Elementalist on Oct 28, 2017.
             Slain by a frilled lizard (3 damage)
             ... on level 2 of the Dungeon.
             The game lasted 00:03:02 (954 turns).

Linguinho the Digger (Deep Elf Earth Elementalist)   Turns: 954, Time: 00:03:03

Health: -2/15      AC:  2    Str:  5    XL:     2   Next: 93%
Magic:  5/8        EV: 13    Int: 19    God:
Gold:   82         SH:  0    Dex: 15    Spells: 5/8 levels left

rFire    . . .     SeeInvis .   (no weapon)
rCold    . . .     Gourm    .   (no shield)
rNeg     . . .     Faith    .   c - +0 robe
rPois    .         Spirit   .   (no helmet)
rElec    .         Reflect  .   (no cloak)
rCorr    .         Harm     .   (no gloves)
MR       .....                  (no boots)
Stlth    ++........             (no amulet)
Regen    0.1/turn               (no ring)
MPRegen  0.2/turn               (no ring)

@: no status effects
A: no striking features
a: no special abilities


You were on level 2 of the Dungeon.
You were not hungry.

You visited 1 branch of the dungeon, and saw 2 of its levels.

You collected 82 gold pieces.

Inventory:

Armour
 c - a +0 robe (worn)
 i - a +2 helmet
Scrolls
 a - a scroll of remove curse {unknown}
 f - 2 scrolls of identify {unknown}
 g - a scroll of random uselessness {unknown}
 h - a scroll of fear {unknown}
 j - 4 scrolls of teleportation {unknown}
 m - a scroll of immolation {unknown}
Potions
 l - a potion of curing {unknown}
 n - a potion of agility {unknown}
 o - a potion of haste {unknown}
Books
 e - a book of Geomancy

   Spells                             Type                      Level
   a - Sandblast                      Earth                        1
   b - Passwall                       Transmutation/Earth          2
   c - Stone Arrow                    Conjuration/Earth            3
   d - Petrify                        Transmutation/Earth          4
   e - Lee's Rapid Deconstruction     Earth                        5
Comestibles
 d - a bread ration
 k - a meat ration


   Skills:
 + Level 2.4 Dodging
 + Level 2.4 Stealth
 + Level 3.8 Spellcasting
 + Level 1.1 Transmutations
 + Level 4.1 Earth Magic


You had 5 spell levels left.
You knew the following spells:

 Your Spells              Type           Power        Failure   Level  Hunger
a - Sandblast             Erth           ###...       2%          1    None
b - Passwall              Tmut/Erth      ##........   8%          2    ##.....


Dungeon Overview and Level Annotations

Branches:
Dungeon (2/15)

Altars:
Makhleb
Uskayaw


Message History

The bat is moderately wounded.
The bat barely misses you. The bat hits you. The frilled lizard bites you.
* * * LOW HITPOINT WARNING * * *
You closely miss the bat.
The bat is moderately wounded.
The bat barely misses you. The bat hits you but does no damage.
The frilled lizard misses you.
You closely miss the bat.
The bat is moderately wounded.
The bat closely misses you. x2; The frilled lizard bites you.
* * * LOW HITPOINT WARNING * * *
Casting: Passwall
Confirm with . or Enter, or press ? or * to list all spells.
Which direction?
The bat barely misses you. The frilled lizard bites you.
* * * LOW HITPOINT WARNING * * *
The bat hits you but does no damage.
You begin to meditate on the wall.
You continue meditating on the rock.
The bat completely misses you. The frilled lizard bites you.
You die...

........ .#######. ###
......... ..g. ......... .....
.######## ..... ...#
.....########## ##### #...
........##.##b# #.#.# #..#
........##.##@# #.#.# #..#
...........rl.###.#.# #..#
........##.####.....# #)..
........##.# #.....# #...
........##.####.....#######...
.............................#
######..............#######.##
#............#...... #.##
#..........###.##### #.##


You could see a bat, a frilled lizard and a rat.

Vanquished Creatures
  A dart slug (D:1)
  A ball python (D:1)
  2 bats (D:1)
  2 giant cockroaches
  5 goblins
  2 hobgoblins
  4 kobolds
  A frilled lizard (D:2)
  4 rats (D:1)
22 creatures vanquished.

Notes
Turn   | Place    | Note
-------+----------+-------------------------------------------
     0 | D:1      | Linguinho the Deep Elf Earth Elementalist began the quest for the Orb.
     0 | D:1      | Reached XP level 1. HP: 10/10 MP: 6/6
   383 | D:1      | Reached XP level 2. HP: 11/15 MP: 4/8
   418 | D:1      | Learned a level 2 spell: Passwall
   526 | D:1      | Reached skill level 4 in Earth Magic
   831 | D:2      | Found a hide-covered altar of Uskayaw.
   831 | D:2      | Found a burning altar of Makhleb.
   954 | D:2      | Slain by a frilled lizard

Skill      XL: |  1  2 |
---------------+-------+-----
Earth Magic    | 4 |  4.1
Dodging        | |  2.4
Stealth        | |  2.4
Spellcasting   | |  3.8
Transmutations | |  1.1

Action                   || total
-------------------------++-------
Melee: Unarmed           ||    17
 Cast: Sandblast         ||    33
       Passwall          ||     2
Armor: Robe              ||    15
Dodge: Dodged            ||    36
